 Dungeon Crawl Stone Soup version 0.28.0-53-g5a82cb258f (console) character file.

Game seed: 1469630482038880876

5745 Faeu the Basher (level 10, 0/93 HPs)
             Began as a Minotaur Berserker on June 4, 2022.
             Was a High Priest of Trog.
             Slain by an orc warrior
             ... wielding a +0 war axe
              (12 damage)
             ... on level 9 of the Dungeon.
             The game lasted 00:14:09 (8732 turns).

Faeu the Basher (Minotaur Berserker)                Turns: 8732, Time: 00:14:09

Health: 0/93       AC: 12    Str: 29    XL:     10   Next: 49%
Magic:  9/9        EV: 13    Int:  4    God:    Trog [*****.]
Gold:   431        SH:  0    Dex: 10    Spells: 9/9 levels left

rFire   + . .      SeeInvis .   w - +12 mace {drain, +Blink rCorr Str-3, mace}
rCold   + . .      Faith    +   (no shield)
rNeg    . . .      Spirit   .   Q - +0 chain mail
rPois   .          Reflect  .   A - +0 hat
rElec   .          Harm     .   V - scarf {rC+ rF+}
rCorr   +          Rampage  .   y - +0 pair of gloves
Will    .....                   (no boots)
Stlth   ..........              H - amulet of faith {!P}
HPRegen 0.25/turn               d - +6 ring of strength
MPRegen 0.11/turn               r - +4 ring of evasion

@: on berserk cooldown, slowed, very slow
A: horns 2, retaliatory headbutt
a: Renounce Religion, Evoke Blink, Berserk, Trog's Hand, Brothers in Arms


You were on level 9 of the Dungeon.
You worshipped Trog.
Trog was extremely pleased with you.
You visited 1 branch of the dungeon, and saw 9 of its levels.
You also visited: Ossuary.

You collected 431 gold pieces.


Innate Abilities, Weirdness & Mutations

You have a pair of horns on your head.
You reflexively headbutt those who attack you in melee.


   Skills:
 + Level 10.0 Fighting
 - Level 14.0 Maces & Flails
 + Level 9.5 Armour
 - Level 2.1 Dodging


You had 9 spell levels left.
You didn't know any spells.
Your spell library contained the following spells:

 Spells                   Type           Power      Damage    Failure   Level
 Magic Dart               Conj           0%         1d3       93%         1
 Ensorcelled Hibernation  Hex/Ice        0%         N/A       98%         2
 Passwall                 Tmut/Erth      0%         N/A       98%         2
 Searing Ray              Conj           0%         2d4       98%         2
 Sublimation of Blood     Necr           0%         N/A       98%         2
 Swiftness                Air            0%         N/A       100%        3
 Airstrike                Air            0%         N/A       100%        4
 Fulminant Prism          Conj/Hex       0%         3d6       100%        4
 Petrify                  Tmut/Erth      0%         N/A       100%        4
 Summon Lightning Spire   Summ/Air       0%         N/A       100%        4
 Irradiate                Conj/Tmut      0%         3d13      100%        5
 Lightning Bolt           Conj/Air       0%         1d11      100%        5
 Metabolic Englaciation   Hex/Ice        0%         N/A       100%        5
 Statue Form              Tmut/Erth      0%         N/A       100%        6

Inventory:

Hand Weapons
 a - a +0 mace {mace}
 e - a +1 vorpal mace {mace}
   (You found it on level 1 of the Dungeon)
 w - the +12 mace "Sydokodd" (weapon) {drain, +Blink rCorr Str-3, mace}
   (You took it off a goblin on level 4 of the Dungeon)

   A truly terrible weapon, it drains the life of any living foe it strikes.
   Str:       It affects your strength (-3).
   +Blink:    It lets you blink.
   rCorr:     It protects you from acid and corrosion.
Missiles
 g - 5 boomerangs (quivered) {throwing}
Armour
 b - a +0 animal skin
 i - a +0 cloak
   (You found it on level 2 of the Dungeon)
 n - a +0 ring mail
   (You found it on level 2 of the Dungeon)
 y - a +0 pair of gloves (worn)
   (You found it on level 4 of the Dungeon)
 A - a +0 hat (worn)
   (You found it on level 5 of the Dungeon)
 O - a +1 ring mail of fire resistance
   (You took it off Duvessa on level 6 of the Dungeon)
 Q - a +0 chain mail (worn)
   (You took it off an orc on level 4 of the Dungeon)
 V - a scarf of resistance (worn)
   (You found it on level 7 of the Dungeon)
Jewellery
 d - a +6 ring of strength (left hand)
   (You found it on level 1 of the Dungeon)
 h - a ring of wizardry
   (You found it on level 2 of the Dungeon)
 p - a +6 ring of dexterity
   (You found it on level 3 of the Dungeon)
 r - a +4 ring of evasion (right hand)
   (You found it on level 3 of the Dungeon)
 B - a +6 ring of strength
   (You found it on level 5 of the Dungeon)
 E - a ring of see invisible
   (You found it on level 5 of the Dungeon)
 H - an amulet of faith (around neck) {!P}
   (You found it on level 6 of the Dungeon)
Wands
 k - a wand of mindburst (14)
   (You found it on level 2 of the Dungeon)
 m - a wand of digging (5)
   (You found it on level 2 of the Dungeon)
 z - a wand of polymorph (22)
   (You found it on level 4 of the Dungeon)
 P - a wand of flame (26)
   (You took it off Duvessa on level 6 of the Dungeon)
Scrolls
 l - 3 scrolls of fog
 o - 4 scrolls of amnesia
 s - a scroll of holy word {unknown}
 t - a scroll of enchant weapon {unknown}
 u - 2 scrolls of noise {!r}
 C - 3 scrolls of teleportation {@r4}
 D - 3 scrolls of silence {!r}
 F - 2 scrolls of enchant armour {unknown}
 G - 2 scrolls of vulnerability {unknown}
 K - a scroll of brand weapon {unknown}
 T - a scroll of immolation {unknown}
 U - a scroll of fear {unknown}
Potions
 c - a potion of brilliance {unknown}
 f - a potion of attraction {unknown}
 j - 2 potions of heal wounds {unknown}
 q - 3 potions of lignification {unknown}
 v - 2 potions of haste {unknown}
 x - 8 potions of curing {unknown}
 I - 2 potions of might {unknown}
 J - a potion of flight {unknown}
 L - a potion of magic {unknown}
 M - 4 potions of degeneration {unknown}
 R - a potion of mutation {unknown}
 S - a potion of resistance {unknown}

Dungeon Overview and Level Annotations

Branches:
Dungeon (9/15)             Temple (0/1) D:5            Lair (0/6) D:8
    Orc (0/2) D:9         Ossuary (visited)

Altars:
Fedhas
Gozag
Okawaru
Ru
Trog
Wu Jian

Annotations:
D:6 1 runed translucent door, Crazy Yiuf
D:8 2 transporters

#.## .... .... .. #..#
.# ###....#.. #..# ..#
#. ... ..#.. #..# ..#
##.###.##.#. #..# ..#
...........# #..# #.#
...........####..###.###
...........)............
..........))............
....>...{)))########'###
......o@...#............
...........#..###..##..#
...........#..# #..##..)
...........#............
....................####
.###....###########.
#....# # ......


You could see an orc warrior.


Message History

You take 8 damage, and now have 65/92 hp.
You closely miss the orc priest. The orc warrior closely misses you.
The centaur shoots an arrow.
The arrow closely misses you. The orc priest closely misses you.
The orc priest hits you but does no damage.
Space warps horribly around you!
The orc warrior closely misses you. 😮 HP[-16]
You take 16 damage, and now have 49/92 hp.
The orc priest hits you with a +0 falchion.
The orc warrior hits you with a +0 trident.
* * * LOW HITPOINT WARNING * * *
😨 HP[-5]
You take 5 damage, and now have 44/92 hp.
A red film seems to cover your vision as you go berserk!
You feel yourself moving faster!
You feel mighty!
The orc warrior hits you from afar with a +0 glaive!
* * * LOW HITPOINT WARNING * * *
The orc priest miscasts a cantrip.
The orc priest begins to cast a cantrip, but forgets the words!
An orc wizard comes into view. It is wielding a +0 dagger.
The orc warrior barely misses you. You furiously retaliate!
You headbutt the orc warrior! 😨 HP[+15]
You now have 138 max hp (+46).
You regained 15 hp, and now have 59/138 hp.
The orc wizard shouts!
You thump the orc priest!
You kill the orc priest!
Trog accepts your kill.
The orc warrior hits you from afar with a +0 glaive!
* * * LOW HITPOINT WARNING * * *
😨 HP[-11]
You take 11 damage, and now have 48/138 hp.
You bludgeon the orc priest!!
You kill the orc priest!
Trog accepts your kill.
The centaur shoots an arrow.
The arrow hits you!
* * * LOW HITPOINT WARNING * * *
The orc wizard casts a spell.
The orc wizard flickers and vanishes!
Deactivating autopickup; reactivate with Ctrl-A. 😨 HP[-10]
You take 10 damage, and now have 38/138 hp.
The orc warrior hits you with a +0 trident.
* * * LOW HITPOINT WARNING * * *
The centaur unwields a +0 shortbow.
The centaur hits you.
* * * LOW HITPOINT WARNING * * *
The centaur closely misses you. The orc warrior closely misses you.
You furiously retaliate!
You headbutt the orc warrior!
You see here a +0 falchion {long}. 😨 HP[-2]
You take 2 damage, and now have 36/138 hp.
You sock the centaur! You headbutt the centaur.
You kill the centaur!
Trog accepts your kill.
The orc warrior hits you with a +0 trident!
* * * LOW HITPOINT WARNING * * *
😱 HP[-8]
You now have 139 max hp (+1).
You take 8 damage, and now have 28/139 hp.
You bludgeon the orc warrior!!
You kill the orc warrior!
Trog accepts your kill. The orc warrior misses you.
You bludgeon the orc warrior!!
You kill the orc warrior!
Trog accepts your kill. 😱 HP[+1]
An orc warrior comes into view. It is wielding a +0 war axe.
The orc warrior shouts!
The orc closely misses you. You furiously retaliate!
You headbutt the orc!
You kill the orc!
Trog accepts your kill.
Trog will now gift you melee weapons as you gain piety.
Your Fighting skill increases to level 10!
Things that are here:
a +0 shortbow {bow}; 19 arrows You feel a strong urge to attack something.
Things that are here:
a +0 club {mace}; 3 boomerangs {throwing} Something hits you.
* * * LOW HITPOINT WARNING * * *
😱 HP[-1]
You take 1 damage, and now have 28/139 hp.
You feel your anger nearly subside.
You are no longer berserk.
You are exhausted.
You feel yourself slow down. 😱 HP[-9]
You now have 93 max hp (-46).
You sock the orc warrior! You headbutt the orc warrior!
Something hits you but does no damage. x2
The orc warrior hits you with a +0 war axe.
* * * LOW HITPOINT WARNING * * *
😱 HP[-6]
You take 6 damage, and now have 13/93 hp.
You hit the orc warrior. Something hits you.
* * * LOW HITPOINT WARNING * * *
The orc warrior hits you with a +0 war axe!
You die...

Skill      XL: |  1  2  3  4  5  6  7  8  9 10 |
---------------+-------------------------------+-----
Maces & Flails | 4 5 6 7 8 9 11 14 | 14.0
Fighting       | 4 8 10 | 10.0
Armour         | 3 7 9 |  9.5
Dodging        | |  2.1

Action                   |  1- 3 |  4- 6 |  7- 9 | 10-12 || total
-------------------------+-------+-------+-------+-------++-------
Melee: Mace              |   102 |    85 |   206 |    52 ||   445
       Headbutt          |     9 |    10 |    39 |    12 ||    70
       Punch             |       |     1 |     1 |     1 ||     3
Invok: Berserk           |       |     2 |     2 |     2 ||     6
  Use: Scroll            |       |       |     4 |     1 ||     5
 Stab: Sleeping          |     1 |       |       |       ||     1
Armor: Animal skin       |    18 |     3 |       |       ||    21
       Ring mail         |       |    22 |    25 |       ||    47
       Chain mail        |       |       |     9 |    19 ||    28
Dodge: Dodged            |    68 |    49 |    78 |    34 ||   229

Levels and vault maps discovered:
D:1:      dpeg_arrival_pits, layout_loops_ring, basic_ecumenical_altar
D:2:      layout_loops_corners, minmay_misc_feat_tower,
          minmay_goblin_kobold_house
D:3:      layout_basic, minivault_19
D:4:      layout_loops_cross, mainiacjoe_overflow_chevrons
D:5:      layout_rooms, trog_ov_bears_minmay, nicolae_wu_jian_wuxing_cycle,
          minmay_temple_entry_statues_fountains, chequers_serial_rivers_micro_d,
          chequers_serial_rivers_room_a
D:6:      layout_loops_corners, nicolae_ossuary_entry_catacombs, uniq_pikel,
          uniq_eustachio, uniq_duvessa, uniq_crazy_yiuf_cottage
D:7:      nicolae_cairo_tiling_large_dashed, layout_basic,
          nicolae_ru_path_of_blood
D:8:      layout_basic, gammafunk_temple_overflow_arena,
          due_lair_maze_entry_diamond, serial_rivers,
          chequers_serial_rivers_micro_b, chequers_serial_rivers_large_b,
          chequers_serial_rivers_micro_d, chequers_serial_rivers_room_b,
          chequers_serial_rivers_micro_c, chequers_serial_rivers_room_b
D:9:      layout_stronghold, david_orc_3, enter_bailey_3

Notes
Turn   | Place    | Note
-------+----------+-------------------------------------------
     0 | D:1      | Faeu the Minotaur Berserker began the quest for the Orb.
     0 | D:1      | Reached XP level 1. HP: 19/19 MP: 0/0
     0 | D:1      | magus.rc [v1.9.6]
    44 | D:1      | Reached skill level 4 in Maces & Flails
    52 | D:1      | Reached XP level 2. HP: 12/26 MP: 1/1
   665 | D:1      | Found a faded altar of an unknown god.
   765 | D:1      | Reached skill level 5 in Maces & Flails
   823 | D:1      | Reached XP level 3. HP: 24/31 MP: 2/2
   845 | D:1      | Reached ** piety under Trog
  1843 | D:2      | Reached skill level 6 in Maces & Flails
  1843 | D:2      | Reached XP level 4. HP: 34/39 MP: 3/3
  1963 | D:2      | You pick up a book of Alchemy {forbidden} and begin
                  | reading...
  1963 | D:2      | You add the spells Sublimation of Blood, Petrify and
                  | Irradiate to your library.
  3448 | D:4      | Reached *** piety under Trog
  3552 | D:4      | You pick up a book of Sloth {forbidden} and begin
                  | reading...
  3552 | D:4      | You add the spells Metabolic Englaciation and Statue Form
                  | to your library.
  3619 | D:4      | Found a blossoming altar of Fedhas.
  3619 | D:4      | Identified the +12 mace "Sydokodd" {drain, +Blink rCorr
                  | Str-3}
  3674 | D:4      | Reached skill level 7 in Maces & Flails
  3674 | D:4      | Reached XP level 5. HP: 31/45 MP: 4/4
  3836 | D:4      | You pick up a book of Burglary {forbidden} and begin
                  | reading...
  3836 | D:4      | You add the spells Passwall, Ensorcelled Hibernation and
                  | Swiftness to your library.
  4205 | D:5      | Entered Level 5 of the Dungeon
  4268 | D:5      | Noticed a black bear
  4272 | D:5      | Killed a black bear
  4273 | D:5      | Reached skill level 8 in Maces & Flails
  4273 | D:5      | Reached XP level 6. HP: 51/51 MP: 5/5
  4325 | D:5      | Noticed an ice beast
  4334 | D:5      | Killed an ice beast
  4539 | D:5      | Found an ornate altar of the Wu Jian Council.
  4571 | D:5      | Reached skill level 9 in Maces & Flails
  4761 | D:5      | Found a bloodstained altar of Trog.
  4774 | D:5      | Reached XP level 7. HP: 46/57 MP: 6/6
  4779 | D:5      | Reached skill level 10 in Maces & Flails
  4852 | D:5      | Found a staircase to the Ecumenical Temple.
  4905 | D:5      | Reached skill level 11 in Maces & Flails
  5343 | D:6      | Reached XP level 8. HP: 64/64 MP: 7/7
  5398 | D:6      | Reached skill level 12 in Maces & Flails
  5399 | D:6      | Noticed Pikel
  5415 | D:6      | Killed Pikel
  5416 | D:6      | Reached skill level 13 in Maces & Flails
  5482 | D:6      | Reached skill level 14 in Maces & Flails
  5520 | D:6      | Reached skill level 4 in Fighting
  5520 | D:6      | Reached skill level 3 in Armour
  5564 | D:6      | Reached XP level 9. HP: 54/72 MP: 8/8
  5687 | D:6      | Found a sand-covered staircase.
  5695 | Ossuary  | Entered an ossuary
  5775 | Ossuary  | Reached **** piety under Trog
  5848 | Ossuary  | Reached skill level 4 in Armour
  5959 | Ossuary  | Reached skill level 5 in Fighting
  6315 | D:6      | Found a runed translucent door.
  6316 | D:6      | Noticed Crazy Yiuf
  6390 | D:6      | Reached skill level 5 in Armour
  6565 | D:6      | Noticed Eustachio
  6569 | D:6      | Noticed Duvessa
  6571 | D:6      | Killed Eustachio
  6572 | D:6      | Reached skill level 6 in Fighting
  6573 | D:6      | Noticed Dowan
  6579 | D:6      | Killed Duvessa
  6580 | D:6      | Reached skill level 6 in Armour
  6581 | D:6      | Killed Dowan
  6884 | D:7      | Reached skill level 7 in Fighting
  7085 | D:7      | You pick up a book of Storms {forbidden} and begin
                  | reading...
  7085 | D:7      | You add the spells Airstrike, Summon Lightning Spire and
                  | Lightning Bolt to your library.
  7145 | D:7      | Reached skill level 7 in Armour
  7369 | D:7      | Found a sacrificial altar of Ru.
  7626 | D:8      | You pick up a book of Conjurations {forbidden@e2} and begin
                  | reading...
  7626 | D:8      | You add the spells Magic Dart, Searing Ray and Fulminant
                  | Prism to your library.
  7659 | D:8      | Found a staircase to the Lair.
  7662 | D:8      | Noticed a komodo dragon
  7684 | D:8      | Reached skill level 8 in Fighting
  7694 | D:8      | Killed a komodo dragon
  7695 | D:8      | Reached XP level 10. HP: 46/89 MP: 9/9
  7951 | D:8      | Reached skill level 8 in Armour
  8242 | D:8      | Found a transporter.
  8242 | D:8      | Noticed a centaur warrior
  8246 | D:8      | Found a transporter.
  8256 | D:8      | Found an iron altar of Okawaru.
  8256 | D:8      | Found an opulent altar of Gozag.
  8330 | D:8      | Reached skill level 9 in Fighting
  8662 | D:9      | Reached skill level 9 in Armour
  8714 | D:9      | Found a staircase to the Orcish Mines.
  8724 | D:9      | HP: 28/138 [orc warrior/+0 trident (8)]
  8727 | D:9      | Reached ***** piety under Trog
  8728 | D:9      | Reached skill level 10 in Fighting
  8729 | D:9      | HP: 28/139 [something (1)]
  8731 | D:9      | HP: 13/93 [orc warrior/+0 war axe (6)]
  8732 | D:9      | Slain by an orc warrior

Vanquished Creatures
  Pikel (D:6)
  A komodo dragon (D:8)
  Eustachio (D:6)
  5 yaks (D:9)
  A steam dragon (D:7)
  Duvessa (D:6)
  8 water moccasins
  3 orc warriors
  3 sky beasts (D:6)
  2 ice beasts
  A necrophage (D:6)
  5 black bears
  3 ogres (D:6)
  2 centaurs (D:9)
  2 lemures (D:6)
  3 bullfrogs (D:8)
  2 elf skeletons (D:6)
  Dowan (D:6)
  A water moccasin skeleton (D:4)
  3 centaur zombies
  4 hounds
  4 orc priests
  A centaur skeleton (D:5)
  2 jellies (D:6)
  5 iguanas
  3 orc wizards
  A human skeleton (D:6)
  A hound skeleton (D:5)
  12 mummies (Ossuary)
  A howler monkey skeleton (D:6)
  6 adders
  2 worms (D:2)
  A dart slug (D:2)
  15 orcs
  9 ball pythons
  7 endoplasms
  A giant cockroach (D:4)
  5 hobgoblins
  6 jackals (D:1)
  3 quokkas
  4 bats
  4 frilled lizards
  2 gnoll skeletons (Ossuary)
  11 goblins
  A goblin skeleton (Ossuary)
  11 kobolds
  A kobold skeleton (Ossuary)
  4 orc skeletons (Ossuary)
  3 orc zombies (D:6)
  8 rats
  11 rat skeletons (Ossuary)
198 creatures vanquished.

Vanquished Creatures (others)
  29 fungi (D:8)
  32 plants (D:8)
61 creatures vanquished.

Grand Total: 259 creatures vanquished

Table legend:
 A = Non-vault XP
 B = Vault XP
 C = Vault XP percentage of total XP
 D = Non-vault monster count
 E = Vault monster count
 F = Vault count percentage of total count
                 A         B        C        D         E       F
            +---------+---------+-------+---------+---------+-------
      Total |    4741 |    3467 |  42.2 |     135 |      61 |  31.1
            +---------+---------+-------+---------+---------+-------
        D:1 |      53 |       0 |   0.0 |      32 |       0 |   0.0
        D:2 |      65 |       7 |   9.7 |      21 |       5 |  19.2
        D:3 |      35 |       0 |   0.0 |      13 |       0 |   0.0
        D:4 |     138 |       0 |   0.0 |      11 |       0 |   0.0
        D:5 |     627 |     261 |  29.4 |      11 |       2 |  15.4
        D:6 |    1646 |    1279 |  43.7 |      20 |      10 |  33.3
        D:7 |     704 |       0 |   0.0 |      15 |       0 |   0.0
        D:8 |     226 |    1329 |  85.5 |       5 |       8 |  61.5
        D:9 |    1247 |     353 |  22.1 |       7 |       5 |  41.7
    Ossuary |       0 |     238 | 100.0 |       0 |      31 | 100.0
            +---------+---------+-------+---------+---------+-------

Illustrated notes

Table legend:
 A = Kills in this place as a percentage of kills in entire the game.
 B = Kills by you in this place as a percentage of kills by you in the entire game.
 C = Kills by friends in this place as a percentage of kills by friends in the entire game.
 D = Other kills in this place as a percentage of other kills in the entire game.
 E = Experience gained in this place as a percentage of experience gained in the entire game.
 F = Experience gained in this place divided by the number of levels of this place that you have seen.
                   A       B       C       D       E      F
               +-------+-------+-------+-------+-------+----------------------
         Total | 100.0 | 100.0 |   N/A |   N/A | 100.0 | 820.8
       Dungeon |  84.2 |  84.2 |   N/A |   N/A |  97.1 | 885.6
       Ossuary |  15.8 |  15.8 |   N/A |   N/A |   2.9 | 238.0
               +-------+-------+-------+-------+-------+----------------------

Table legend: (Time is in decaauts)
 A = Elapsed time spent in this place.
 B = Non-inter-level travel time spent in this place.
 C = Inter-level travel time spent in this place.
 D = Time resting spent in this place.
 E = Time spent auto-exploring this place.
 F = Levels seen in this place.
 G = Mean time per level.
                   A        B        C        D        E       F      G
               +--------+--------+--------+--------+--------+-----+--------+
         Total |   8776 |   8266 |    510 |    495 |   6307 |  10 |  877.6 |
       Dungeon |   8468 |   7958 |    510 |    495 |   6119 |   9 |  940.9 |
       Ossuary |    308 |    308 |      0 |      0 |    188 |   1 |  308.0 |
               +--------+--------+--------+--------+--------+-----+--------+

Top non-repeatable levels by time:
     D:1: 1422 daAuts
     D:5: 1105 daAuts
     D:2: 1087 daAuts
     D:6: 1082 daAuts
     D:7: 964 daAuts
     D:8: 933 daAuts
     D:3: 922 daAuts
     D:4: 856 daAuts
 Ossuary: 308 daAuts
     D:9: 93 daAuts
